 Dungeon Crawl Stone Soup version 0.30-a0-772-g5528072125 (webtiles) character file.

Game seed: 11679885698564314285

8315 pokeman the Thaumaturge (level 11, -5/61 HPs)
             Began as a Deep Elf Hedge Wizard on Feb 12, 2023.
             Was an Elder of Vehumet.
             Killed from afar by an ice dragon (66 damage)
             ... with a blast of cold
             ... on level 10 of the Dungeon.
             The game lasted 00:20:56 (10247 turns).

pokeman the Thaumaturge (Deep Elf Hedge Wizard)    Turns: 10247, Time: 00:20:56

Health: -5/61      AC:  9    Str:  7    XL:     11   Next: 8%
Magic:  35/40      EV: 12    Int: 27    God:    Vehumet [****..]
Gold:   275        SH:  0    Dex: 18    Spells: 28/39 levels left

rFire   . . .      SeeInvis +    J - +2 trident (venom)
rCold   . . .      Faith    .    (no shield)
rNeg    + . .      Spirit   .    L - +1 leather armour "Ytunonez" {rN+ Int+3 Dex+4 Stlth+}
rPois   .          Reflect  .    G - +0 helmet
rElec   .          Harm     .    b - +0 cloak
rCorr   .          Rampage  .    t - +0 pair of gloves
Will    +....                    a - +0 pair of boots
Stlth   +++                      (no amulet)
HPRegen 0.30/turn                g - ring of magical power
MPRegen 0.27/turn                h - ring of see invisible

@: no status effects
A: no striking features
a: Renounce Religion


You were on level 10 of the Dungeon.
You worshipped Vehumet.
Vehumet was greatly pleased with you.
You visited 2 branches of the dungeon, and saw 11 of its levels.

You collected 478 gold pieces.
You spent 203 gold pieces at shops.

Inventory:

Hand Weapons
 p - a +1 shortbow of draining
 J - a +2 trident of venom (weapon)
Missiles
 M - a curare-tipped dart
Armour
 a - a +0 pair of boots (worn)
 b - a +0 cloak (worn)
 t - a +0 pair of gloves (worn)
 G - a +0 helmet (worn)
 I - +0 steam dragon scales
 L - the +1 leather armour "Ytunonez" (worn) {rN+ Int+3 Dex+4 Stlth+}
   (You found it on level 8 of the Dungeon)

   Int:       It affects your intelligence (+3).
   Dex:       It affects your dexterity (+4).
   rN:        It protects you from negative energy.
   Stlth:     It makes you more stealthy.
Magical Staves
 z - a staff of fire
 D - a staff of conjuration
Jewellery
 g - a ring of magical power (left hand)
 h - a ring of see invisible (right hand)
 E - a +5 ring of evasion
Wands
 l - a wand of charming (7)
 n - a wand of iceblast (16)
 q - a wand of polymorph (7)
Scrolls
 c - a scroll of silence
 f - a scroll of immolation
 i - 3 scrolls of enchant weapon
 j - 2 scrolls of enchant armour
 k - 5 scrolls of fear
 m - a scroll of torment {unknown}
 r - a scroll of blinking
 s - 4 scrolls of teleportation
 x - 4 scrolls of fog {unknown}
 y - 3 scrolls of vulnerability {unknown}
 A - a scroll of magic mapping {unknown}
 K - a scroll of summoning {unknown}
Potions
 d - 3 potions of magic
 e - 3 potions of haste {unknown}
 o - 3 potions of brilliance
 u - 4 potions of curing
 v - a potion of berserk rage {unknown}
 w - a potion of mutation {unknown}
 B - 2 potions of attraction {unknown}
 C - 2 potions of degeneration {unknown}
 F - 2 potions of heal wounds {unknown}
 H - a potion of resistance


   Skills:
 + Level 4.3 Fighting
 - Level 4.1 Armour
 - Level 3.0 Dodging
 - Level 3.0 Stealth
 * Level 14.6 Spellcasting
 + Level 8.5 Conjurations
 - Level 1.1 Summonings
 - Level 1.1 Translocations
 + Level 4.7 Fire Magic
 - Level 1.1 Air Magic
 - Level 6.0 Earth Magic
 - Level 1.0 Poison Magic
 - Level 1.0 Evocations


You had 28 spell levels left.
You knew the following spells:

 Your Spells              Type           Power      Damage    Failure   Level
a - Magic Dart            Conj           100%       1d8       1%          1
b - Mephitic Cloud        Conj/Pois/Air  38%        N/A       1%          3
c - Call Imp              Summ           25%        N/A       3%          2
d - Blink                 Tloc           50%        N/A       3%          2
e - Stone Arrow           Conj/Erth      100%       3d13      1%          3

Your spell library contained the following spells:

 Spells                   Type           Power      Damage    Failure   Level
 Frozen Ramparts          Ice            38%        1d6       3%          3
 Sandblast                Erth           100%       2d20      1%          1
 Passwall                 Tmut/Erth      30%        N/A       1%          2
 Poisonous Vapours        Pois/Air       50%        N/A       1%          2
 Hailstorm                Conj/Ice       42%        3d10      1%          3
 Slow                     Hex            76%        N/A       4%          1
 Cigotuvi's Dreadful Rot  Necr/Pois/Air  46%        N/A       4%          2
 Portal Projectile        Hex/Tloc       44%        N/A       10%         3
 Tukima's Dance           Hex            19%        N/A       12%         3
 Ice Form                 Ice/Tmut       19%        N/A       36%         4
 Blade Hands              Tmut           9%         N/A       73%         5
 Simulacrum               Ice/Necr       9%         N/A       99%         6


Dungeon Overview and Level Annotations

Branches:
Dungeon (10/15)            Temple (1/1) D:4             Orc (0/2) D:9
   Lair: D:8-11

Altars:
Ashenzari
Cheibriados
Dithmenos
Elyvilon
Fedhas
Gozag
Hepliaklqana
Kikubaaqudgha
Makhleb
Nemelex Xobeh
Okawaru
Qazlal
Ru
Sif Muna
Trog
Uskayaw
Vehumet
Wu Jian
Xom
Yredelemnul
Zin
The Shining One

Shops:
D:5 **:

Annotations:
D:10 Josephine


Message History

Confirm with . or Enter, or press ? or * to list all spells.
Aiming: Mephitic Cloud (safe; 1% risk of failure)
Press: ? - help, Shift-Dir - straight line, f/p - kobold brigand
Aim: a kobold brigand, wielding a +0 club and quivering poisoned darts (lightly wounded, chance to affect: 77%)
The ball explodes into a vile cloud!
The stinking cloud engulfs the kobold brigand but does no damage.
The kobold brigand is lightly wounded.
You hear an angry growl.
The kobold brigand is engulfed in noxious fumes.
The kobold brigand appears confused.
The kobold brigand hits itself with a +0 club.
The kobold brigand is engulfed in noxious fumes.
The kobold brigand appears confused.
The kobold brigand is engulfed in noxious fumes.
The kobold brigand appears confused.
You hit the kobold brigand.
The kobold brigand is poisoned.
The kobold brigand is heavily wounded.
The ice dragon roars deafeningly!
The kobold brigand hits itself with a +0 club!
You kill the kobold brigand!
Vehumet accepts your kill.
You feel your power returning.
Casting: Mephitic Cloud (safe; 1% risk of failure)
Confirm with . or Enter, or press ? or * to list all spells.
Aiming: Stone Arrow (safe; 1% risk of failure)
Press: ? - help, Shift-Dir - straight line, f - ice dragon
Aim: an ice dragon (84% to hit)
The stone arrow hits the ice dragon!
The ice dragon is lightly wounded.
Casting: Stone Arrow (safe; 1% risk of failure)
Confirm with . or Enter, or press ? or * to list all spells.
Aiming: Stone Arrow (safe; 1% risk of failure)
Press: ? - help, Shift-Dir - straight line, f/p - ice dragon
Aim: an ice dragon (lightly wounded, 84% to hit)
The stone arrow hits the ice dragon!
The ice dragon is moderately wounded.
The ice dragon breathes frost at you. The blast of cold hits you!!!
Ouch! That really hurt!
You die...

#..........# ###. #..........#
+.. #..........# #..
'..........# +.# '..........#
#.# #.....)....#############.#
#.......)................#
#......(.................#
.........)()D...@<######.#
...#######)####...# #.#
##.#......)...#...# #.#
#.#..........#...# #.#####..
#.#..........#...######........
..#..........#.................
..#..........#....####.........
..####+###'###....# #.........
...............# #....#####


You could see an ice dragon (catching breath).

Vanquished Creatures
  Erica (D:8)
  A two-headed ogre (D:8)
  Joseph (D:7)
  Maggie (D:7)
  A rime drake (D:10)
  A komodo dragon (D:10)
  A troll (D:9)
  A centaur simulacrum (D:10)
  7 yaks
  3 wraiths
  A wyvern (D:8)
  A shadow (D:10)
  A steam dragon (D:9)
  Eustachio (D:4)
  2 water moccasins
  Duvessa (D:7)
  2 sky beasts
  2 ogres
  4 ice beasts
  A centaur (D:9)
  3 phantoms
  2 kobold brigands (D:10)
  2 bullfrogs
  A gnoll sergeant (D:6)
  3 scorpions
  3 necrophages
  A water moccasin zombie (D:4)
  Dowan (D:7)
  3 killer bees (D:9)
  7 howler monkeys
  A centaur zombie (D:4)
  3 hounds
  A jelly (D:4)
  A centaur skeleton (D:4)
  9 orc priests
  Jessica (D:3)
  4 iguanas
  4 orc wizards
  4 hound zombies (D:4)
  A howler monkey zombie (D:4)
  3 gnolls (D:6)
  11 adders
  3 white imps
  An adder zombie (D:4)
  A worm (D:4)
  3 dart slugs
  45 orcs
  5 ball pythons
  3 bat zombies (D:8)
  10 endoplasms
  4 giant cockroaches
  9 hobgoblins
  4 jackals
  24 kobolds
  2 quokkas
  8 bats
  2 frilled lizards (D:1)
  5 goblins
  A jackal skeleton (D:4)
  A quokka skeleton (D:4)
  4 rats
238 creatures vanquished.

Vanquished Creatures (collateral kills)
  An ogre (D:5)
  A hound (D:5)
  A dart slug (D:4)
3 creatures vanquished.

Vanquished Creatures (others)
  2 plants (D:4)
  A withered plant (D:4)
3 creatures vanquished.

Grand Total: 244 creatures vanquished

Notes
Turn   | Place    | Note
-------+----------+-------------------------------------------
     0 | D:1      | pokeman the Deep Elf Hedge Wizard began the quest for the
                  | Orb.
     0 | D:1      | Reached XP level 1. HP: 10/10 MP: 7/7
   341 | D:1      | Reached XP level 2. HP: 15/15 MP: 9/9
   735 | D:1      | Reached skill level 5 in Spellcasting
  1179 | D:1      | Reached XP level 3. HP: 20/20 MP: 11/11
  1183 | D:1      | Learned a level 3 spell: Mephitic Cloud
  1186 | D:1      | Learned a level 2 spell: Call Imp
  1189 | D:1      | Learned a level 2 spell: Blink
  1193 | D:1      | Learned a level 3 spell: Stone Arrow
  1438 | D:2      | Reached skill level 1 in Fighting
  1438 | D:2      | Reached skill level 1 in Armour
  2187 | D:3      | Reached XP level 4. HP: 25/25 MP: 13/13
  2313 | D:3      | Found a faded altar of an unknown god.
  2498 | D:3      | Noticed Jessica
  2504 | D:3      | Killed Jessica
  2576 | D:3      | Found an opulent altar of Gozag.
  2656 | D:3      | Reached skill level 6 in Spellcasting
  2656 | D:3      | Reached XP level 5. HP: 29/29 MP: 15/15
  3570 | D:4      | Found a staircase to the Ecumenical Temple.
  3582 | Temple   | Entered the Ecumenical Temple
  3765 | Temple   | Became a worshipper of Vehumet
  3837 | D:4      | Reached skill level 1 in Air Magic
  3837 | D:4      | Reached skill level 1 in Evocations
  3913 | D:4      | Reached XP level 6. HP: 29/34 MP: 11/17
  3991 | D:4      | Noticed Eustachio
  4142 | D:4      | Reached skill level 1 in Earth Magic
  4142 | D:4      | Reached skill level 1 in Poison Magic
  4215 | D:4      | Reached skill level 7 in Spellcasting
  4259 | D:4      | Killed Eustachio
  4260 | D:4      | Reached XP level 7. HP: 32/38 MP: 20/20
  4305 | D:4      | Reached * piety under Vehumet
  4305 | D:4      | Offered knowledge of Kiss of Death by Vehumet.
  4343 | D:4      | Found a shimmering blue altar of Sif Muna.
  4491 | D:4      | Found a large runed translucent door.
  4492 | D:4      | Found a large runed translucent door.
  4861 | D:4      | Found a basalt altar of Yredelemnul.
  4974 | D:4      | Found a broken altar of Ashenzari.
  4984 | D:4      | Found a shimmering altar of Xom.
  5041 | D:5      | Entered Level 5 of the Dungeon
  5049 | D:5      | Reached skill level 8 in Spellcasting
  5176 | D:5      | Found Acaant's Book Emporium.
  5351 | D:5      | Reached XP level 8. HP: 45/45 MP: 22/22
  5401 | D:5      | Found Tiqam's General Store.
  5402 | D:5      | Found Coeb Ute's Assorted Antiques.
  5428 | D:5      | Bought a scroll labelled QITHAS POIM for 19 gold pieces
  5428 | D:5      | Bought a scroll labelled VOUSHRA SAPATHRUUS for 19 gold
                  | pieces
  5428 | D:5      | Bought a copper ring for 95 gold pieces
  5435 | D:5      | Bought a potion of curing for 42 gold pieces
  5435 | D:5      | Bought a scroll of identify for 28 gold pieces
  5461 | D:5      | Reached skill level 9 in Spellcasting
  5775 | D:6      | Reached skill level 5 in Conjurations
  5929 | D:6      | Reached skill level 10 in Spellcasting
  5931 | D:6      | Reached ** piety under Vehumet
  5931 | D:6      | Offered knowledge of Searing Ray by Vehumet.
  6323 | D:6      | Reached XP level 9. HP: 50/50 MP: 25/25
  6679 | D:7      | Noticed Dowan
  6689 | D:7      | Noticed Duvessa
  6698 | D:7      | Killed Duvessa
  6699 | D:7      | Reached skill level 11 in Spellcasting
  6699 | D:7      | Reached skill level 5 in Earth Magic
  6709 | D:7      | Killed Dowan
  6882 | D:7      | Noticed Joseph
  6902 | D:7      | Noticed Maggie
  6909 | D:7      | Killed Maggie
  6950 | D:7      | Found an iron altar of Okawaru.
  7028 | D:7      | Killed Joseph
  7029 | D:7      | Reached skill level 12 in Spellcasting
  7338 | D:7      | Offered knowledge of Ignite Poison by Vehumet.
  7770 | D:8      | Reached skill level 1 in Fire Magic
  7779 | D:8      | Reached XP level 10. HP: 56/56 MP: 28/28
  7951 | D:8      | Identified the +1 leather armour "Ytunonez" {rN+ Int+3
                  | Dex+4 Stlth+}
  8072 | D:8      | Noticed Erica
  8073 | D:8      | Reached *** piety under Vehumet
  8088 | D:8      | Killed Erica
  8089 | D:8      | Reached skill level 13 in Spellcasting
  8201 | D:8      | Noticed a two-headed ogre
  8207 | D:8      | Killed a two-headed ogre
  8560 | D:8      | Found an ancient bone altar of Kikubaaqudgha.
  8630 | D:9      | Found a staircase to the Orcish Mines.
  8656 | D:9      | Offered knowledge of Frozen Ramparts by Vehumet.
  8854 | D:9      | Reached skill level 14 in Spellcasting
  9488 | D:10     | Entered Level 10 of the Dungeon
  9698 | D:10     | Noticed Josephine
  9725 | D:10     | Reached **** piety under Vehumet
  9726 | D:10     | Reached XP level 11. HP: 61/61 MP: 31/31
  9826 | D:10     | Noticed an ice dragon
 10247 | D:10     | Killed from afar by an ice dragon

Illustrated notes

Levels and vault maps discovered:
D:1:      co_arrival_random_square_maze, layout_basic, minivault_4
D:2:      layout_basic
D:3:      minmay_general_purpose_star, layout_loops_corners,
          grunt_gozag_breadcrumbs, basic_ecumenical_altar,
          small_statue_intersection, minmay_quadrilaterals, uniq_jessica
D:4:      layout_cave_pools, mainiacjoe_overflow_boulevard,
          nicolae_yredelemnul_corpse_copse, jmf_multi_god_temple2,
          minmay_temple_entry_gardened_gates, serial_undead, serial_undead_d,
          serial_undead_f, serial_undead_a, serial_undead_e,
          kennysheep_generic_room_2, uniq_eustachio
D:5:      layout_rooms, serial_shops, shop, nicolae_wooded_promenade
D:6:      layout_loops_ring
D:7:      layout_loops_cross, okawaru_altar_gauntlet_db, uniq_joseph,
          uniq_duvessa, uniq_maggie
D:8:      layout_loops_ring, lemuel_zombie_altar_kikubaaqudgha, uniq_erica
D:9:      layout_stronghold, david_orc_3
D:10:     minmay_coctagon, layout_irregular_city, lightli_wizard_tower,
          uniq_nergalle, uniq_josephine
Temple:   regret_index_temple_generic_petals

Skill      XL: |  1  2  3  4  5  6  7  8  9 10 |
---------------+-------------------------------+-----
Spellcasting   | 5 6 7 8 10 12 14 | 14.6
Fighting       | 1 2 3 4 |  4.3
Armour         | 1 2 3 4 |  4.1
Conjurations   | 2 3 4 5 7 8 |  8.5
Stealth        | 3 |  3.0
Dodging        | 3 |  3.0
Air Magic      | 1 |  1.1
Evocations     | 1 |  1.0
Earth Magic    | 2 3 4 6 |  6.0
Poison Magic   | 1 |  1.0
Fire Magic     | 1 4 |  4.7
Summonings     | |  1.1
Translocations | |  1.1

Action                     |  1- 3 |  4- 6 |  7- 9 | 10-12 || total
---------------------------+-------+-------+-------+-------++-------
  Melee: Dagger            |     2 |       |       |       ||     2
         Short sword       |       |    20 |   117 |       ||   137
         Punch             |       |     1 |     2 |       ||     3
         Trident           |       |       |    15 |    34 ||    49
   Cast: Magic Dart        |   101 |   141 |   156 |    50 ||   448
         Mephitic Cloud    |       |     4 |    26 |    15 ||    45
         Call Imp          |       |     2 |     1 |       ||     3
         Stone Arrow       |       |     1 |    47 |    62 ||   110
         Blink             |       |       |       |     1 ||     1
    Use: Scroll            |       |       |       |     8 ||     8
   Stab: Confused          |       |     4 |    12 |     5 ||    21
 Armour: Robe              |     2 |     6 |    29 |       ||    37
         Steam dragon scal |       |       |    11 |     1 ||    12
         Leather armour    |       |       |       |    17 ||    17
  Dodge: Dodged            |    11 |    19 |   108 |    40 ||   178

Table legend: (Time is in decaauts)
 A = Elapsed time spent in this place.
 B = Non-inter-level travel time spent in this place.
 C = Inter-level travel time spent in this place.
 D = Time resting spent in this place.
 E = Time spent auto-exploring this place.
 F = Levels seen in this place.
 G = Mean time per level.
                   A        B        C        D        E       F      G
               +--------+--------+--------+--------+--------+-----+--------+
         Total |  10271 |   9952 |    319 |    406 |   7925 |  11 |  933.7 |
       Dungeon |  10060 |   9768 |    292 |    406 |   7752 |  10 | 1006.0 |
        Temple |    211 |    184 |     27 |      0 |    173 |   1 |  211.0 |
               +--------+--------+--------+--------+--------+-----+--------+

Top non-repeatable levels by time:
     D:4: 1329 daAuts
     D:3: 1318 daAuts
     D:1: 1255 daAuts
     D:7: 1102 daAuts
     D:9: 957 daAuts
     D:2: 924 daAuts
     D:8: 899 daAuts
     D:6: 883 daAuts
     D:5: 709 daAuts
    D:10: 679 daAuts
  Temple: 211 daAuts
